 Dungeon Crawl Stone Soup version 0.29.1-2-gbd0b4ee654 (webtiles) character file.

Game seed: 8996853819813424400

137 wingedge the Trooper (level 4, -5/40 HPs)
             Began as a Demigod Fighter on Nov 27, 2022.
             Killed from afar by an orc wizard (9 damage)
             ... with a magic dart
             ... on level 3 of the Dungeon.
             The game lasted 00:11:19 (2712 turns).

wingedge the Trooper (Demigod Fighter)              Turns: 2712, Time: 00:11:20

Health: -5/40      AC:  6    Str: 17    XL:     4   Next: 68%
Magic:  6/6        EV: 10    Int: 14    God:
Gold:   201        SH:  4    Dex: 13    Spells: 3/3 levels left

rFire   + + .      SeeInvis .   a - +1 trident (vorpal)
rCold   . . .      Faith    .   c - +0 buckler
rNeg    . . .      Spirit   .   h - +1 leather armour {rF+}
rPois   .          Reflect  .   f - +0 helmet
rElec   .          Harm     .   n - +0 cloak
rCorr   .          Rampage  .   (no gloves)
Will    .....                   (no boots)
Stlth   +.........              j - amulet of the acrobat
HPRegen 0.13/turn               m - ring of protection from fire
MPRegen 0.10/turn               (no ring)

@: no status effects
A: high MP 1, forlorn, divine attributes
a: no special abilities


You were on level 3 of the Dungeon.
You visited 1 branch of the dungeon, and saw 3 of its levels.

You collected 201 gold pieces.

Inventory:

Hand Weapons
 a - a +1 vorpal trident (weapon)
 b - a +2 dagger of venom
Armour
 c - a +0 buckler (worn)
 f - a +0 helmet (worn)
 h - a +1 leather armour of fire resistance (worn)
 k - a +0 scale mail
 n - a +0 cloak (worn)
Jewellery
 j - an amulet of the acrobat (around neck)
 m - a ring of protection from fire (left hand)
 q - a ring of fire
Scrolls
 e - 3 scrolls of identify
 i - a scroll of enchant weapon {unknown}
 l - a scroll of vulnerability {unknown}
 o - a scroll of poison {unknown}
 s - a scroll of blinking {unknown}
Potions
 d - a potion of might
 g - a potion of flight
 p - a potion of haste {unknown}
 r - a potion of curing {unknown}


   Skills:
 - Level 4.0 Fighting
 + Level 2.3 Polearms
 - Level 3.0 Armour
 - Level 3.0 Shields
 - Level 2.0 Transmutations


You had 3 spell levels left.
You didn't know any spells.
Your spell library contained the following spells:

 Spells                   Type           Power      Damage    Failure   Level
 Wereblood                Tmut           5%         N/A       30%         2
 Blink                    Tloc           0%         N/A       56%         2
 Sublimation of Blood     Necr           0%         N/A       56%         2
 Lesser Beckoning         Tloc           0%         N/A       80%         3
 Manifold Assault         Tloc           0%         N/A       100%        5
 Summon Hydra             Summ           0%         N/A       100%        7


Dungeon Overview and Level Annotations

Branches:
Dungeon (3/15)

Annotations:
D:1 2 transporters


Innate Abilities, Weirdness & Mutations

You have an increased reservoir of magic. (+10% MP)
You shall have no god before yourself.
Your divine heritage dramatically boosts your attributes as you level up.


Message History

You bump into the rock wall.
Something hits you.
* * * LOW HITPOINT WARNING * * *
You bump into the rock wall.
Something hits you but does no damage.
You bump into the rock wall.
Something hits you but does no damage.
You miss something.
You hear some strange, mumbled words.
Something tries to affect you, but you resist.
You closely miss something. Something hits you.
* * * LOW HITPOINT WARNING * * *
Something hits you but does no damage.
You're too confused to move!
Something hits you but does no damage. Something hits you but does no damage.
A magic dart appears from out of thin air!
The magic dart hits you.
* * * LOW HITPOINT WARNING * * *
You feel less confused.
You hear some strange, mumbled words.
You are confused.
Something hits you.
* * * LOW HITPOINT WARNING * * *
Something hits you but does no damage. Something misses you.
Okay, then.
Something misses you.
You hear some strange, mumbled words.
A magic dart appears from out of thin air!
The magic dart hits you.
* * * LOW HITPOINT WARNING * * *
Something hits you but does no damage.
You feel less confused. Something hits you but does no damage.
Okay, then.
Okay, then.
As you read the scroll labelled BAYWUDD QALO, it crumbles to dust.
It is a scroll of identify.
g - a potion of flight You hear some strange, mumbled words.
A magic dart appears from out of thin air!
The magic dart hits you!
You die...

....o.#+# ?.......#
........######
....o...o....#
.......).###.#
.....[..<.##.#
#....#...###.#
##.#.##..###.######.#
#.#.###.#....${@...#
#.........#.########
....###.....# #####
#######


There were no monsters in sight!

Vanquished Creatures
  Jessica (D:3)
  3 gnolls (D:3)
  An adder (D:3)
  5 orcs
  4 endoplasms
  A giant cockroach (D:1)
  9 goblins
  8 hobgoblins
  3 jackals (D:2)
  3 quokkas
  5 ball pythons
  5 bats
  2 frilled lizards (D:3)
  5 kobolds
  5 rats
60 creatures vanquished.

Notes
Turn   | Place    | Note
-------+----------+-------------------------------------------
     0 | D:1      | wingedge the Demigod Fighter began the quest for the Orb.
     0 | D:1      | Reached XP level 1. HP: 18/18 MP: 3/3
   272 | D:1      | Reached skill level 3 in Fighting
   521 | D:1      | Reached XP level 2. HP: 26/26 MP: 4/4
  1092 | D:2      | Reached XP level 3. HP: 31/31 MP: 5/5
  1629 | D:3      | Noticed Jessica
  1635 | D:3      | Killed Jessica
  1636 | D:3      | Reached skill level 4 in Fighting
  1732 | D:3      | Reached XP level 4. HP: 39/40 MP: 6/6
  1761 | D:3      | Reached skill level 1 in Transmutations
  2712 | D:3      | Killed from afar by an orc wizard

Illustrated notes

Levels and vault maps discovered:
D:1:      spicycebolla_arrival_transporter_tutorial, layout_basic,
          ebering_ecumenical_altar_hall
D:2:      cheibrodos_greedy_goblins, layout_rooms
D:3:      layout_loops_corners, uniq_jessica

Skill      XL: |  1  2  3  4 |
---------------+-------------+-----
Fighting       | 3 4 |  4.0
Polearms       | 2 |  2.3
Armour         | 3 |  3.0
Shields        | 3 |  3.0
Transmutations | 2 |  2.0

Action                   |  1- 3 |  4- 6 || total
-------------------------+-------+-------++-------
Melee: Trident           |    81 |    48 ||   129
       Dagger            |    57 |    19 ||    76
Throw: Throwing net      |     1 |       ||     1
  Use: Scroll            |       |     1 ||     1
 Stab: Held in net/web   |     1 |       ||     1
Armor: Scale mail        |    53 |     9 ||    62
       Leather armour    |       |    18 ||    18
Dodge: Dodged            |    62 |    17 ||    79
Block: Buckler           |    32 |    11 ||    43
